 Dungeon Crawl Stone Soup version 0.21.1-1-g345015f (webtiles) character file.

425 johnjohn the Cudgeler (level 6, -2/61 HPs)
             Began as a Troll Fighter on May 11, 2018.
             Killed from afar by Sigmund (5 damage)
             ... with a magic dart
             ... on level 3 of the Dungeon.
             The game lasted 00:16:46 (2376 turns).

johnjohn the Cudgeler (Troll Fighter)               Turns: 2376, Time: 00:16:46

Health: -2/61      AC:  5    Str: 26      XL:     6   Next: 64%
Magic:  5/5        EV:  9    Int:  4 (5)  God:
Gold:   166        SH:  9    Dex:  9      Spells: 5/5 levels left

rFire    . . .     SeeInvis .   k - +1 flail (protect)
rCold    . . .     Gourm    +   c - +0 shield
rNeg     . . .     Faith    .   M - +0 robe
rPois    .         Spirit   .   (helmet restricted)
rElec    .         Reflect  .   (no cloak)
rCorr    .         Harm     .   (gloves unavailable)
MR       .....                  (boots unavailable)
Stlth    +.........             (no amulet)
HPRegen  0.60/turn              (no ring)
MPRegen  0.09/turn              (no ring)

@: no status effects
A: large, unfitting armour, claws 3, fast metabolism 3, gourmand, regeneration
1, shaggy fur 1, tough skin 2
a: no special abilities


You were on level 3 of the Dungeon.
You were not hungry.

You visited 1 branch of the dungeon, and saw 3 of its levels.

You collected 166 gold pieces.

Inventory:

Hand Weapons
 a - a +0 flail
 g - a +0 short sword
 k - a +1 flail of protection (weapon)
 l - a +0 short sword
 o - a cursed -2 spear
 s - a +2 spear of flaming
 u - a +0 dagger
 w - a +0 hunting sling
 J - a cursed -3 flail
Missiles
 r - a throwing net (quivered)
Armour
 b - a +0 robe
 c - a +0 shield (worn)
 j - a +2 centaur barding
 n - a +0 robe
 p - a +0 shield
 t - a +0 ring mail
 v - a +0 robe
 x - a +0 chain mail
 y - a +0 ring mail
 F - a +0 leather armour
 K - a +2 chain mail of positive energy
 M - a +0 robe (worn)
Wands
 G - a wand of polymorph (24)
 H - a wand of digging (10)
 L - a wand of clouds (7)
Scrolls
 e - 4 scrolls of noise {unknown}
 h - a scroll of enchant armour {unknown}
 i - 5 scrolls of identify {unknown}
 m - 8 scrolls of teleportation {unknown}
 z - 2 scrolls of remove curse {unknown}
 A - a scroll of fear {unknown}
 E - a scroll of amnesia {unknown}
Potions
 d - 3 potions of might
 q - a potion of berserk rage {unknown}
 B - a potion of curing {unknown}
 C - a potion of flight {unknown}
 D - a potion of mutation {unknown}
 I - a potion of lignification {unknown}
Comestibles
 f - 5 rations


   Skills:
 + Level 3.1 Fighting
 + Level 5.0 Maces & Flails
 + Level 3.5 Dodging
 + Level 0.1 Stealth
 + Level 3.0 Shields


You had 5 spell levels left.
You didn't know any spells.

Dungeon Overview and Level Annotations

Branches:
Dungeon (3/15)

Altars:

Annotations:
D:3 Sigmund


Innate Abilities, Weirdness & Mutations

You are too large for most types of armour.
You have claws for hands.
Your metabolism is lightning-fast.
You like to eat raw meat.
Your natural rate of healing is unusually fast.
You are covered in fur. (AC +1)
You have very tough skin. (AC +2)


Message History

You hit something but do no damage. Something hits you! Something burns you.
You hear some strange, mumbled words.
Something tries to affect you, but you resist.
Something hits you. Something burns you.
You start resting.
Something hits you but does no damage.
You start resting.
Something hits you.
* * * LOW HITPOINT WARNING * * *
Something burns you.
* * * LOW HITPOINT WARNING * * *
Something hits you!
* * * LOW HITPOINT WARNING * * *
Something burns you.
* * * LOW HITPOINT WARNING * * *
Something hits you.
* * * LOW HITPOINT WARNING * * *
Something burns you.
* * * LOW HITPOINT WARNING * * *
A magic dart appears from out of thin air!
The magic dart hits you!
You die...

.######
≈≈≈≈###†##########
......# ≈
#...........# .####.#
######.#########.#
....#.# #......# #.#
###.#.# #......# #.#
# #.#.# #......# #.#
# #.#.# #......# #.#
#.#.##########......#
#.#
#.............@.....#
#.#
#.############†.....#
#.# #.# #......# #.#
#.# #......# ######.#
#.# #......# #......#
#.# #......# #.######
#.# #......# #.#
###.#
#......####.###.#
..#.#
#...............#


There were no monsters in sight!

Vanquished Creatures
  Grinder (D:3)
  Jessica (D:2)
  Ijyb (D:3)
  Terence (D:3)
  4 gnolls
  3 adders
  An ooze (D:3)
  2 worms (D:2)
  4 dart slugs (D:2)
  A leopard gecko (D:1)
  A ball python (D:2)
  3 giant cockroaches
  7 goblins
  6 hobgoblins
  8 jackals
  10 kobolds
  A quokka (D:2)
  9 bats
  5 frilled lizards
  6 rats
75 creatures vanquished.

Notes
Turn   | Place    | Note
-------+----------+-------------------------------------------
     0 | D:1      | johnjohn the Troll Fighter began the quest for the Orb.
     0 | D:1      | Reached XP level 1. HP: 22/22 MP: 0/0
   141 | D:1      | Reached XP level 2. HP: 29/29 MP: 1/1
   190 | D:1      | Reached skill level 2 in Maces & Flails
   776 | D:2      | Reached XP level 3. HP: 32/36 MP: 2/2
   972 | D:2      | Reached XP level 4. HP: 30/44 MP: 3/3
   983 | D:2      | Reached skill level 3 in Maces & Flails
  1067 | D:2      | Noticed Jessica
  1080 | D:2      | Killed Jessica
  1430 | D:2      | Reached XP level 5. HP: 48/50 MP: 4/4
  1783 | D:3      | Noticed Grinder
  1787 | D:3      | Paralysed by Grinder for 3 turns
  1818 | D:3      | Paralysed by Grinder for 7 turns
  1827 | D:3      | Killed Grinder
  1827 | D:3      | Reached skill level 4 in Maces & Flails
  1827 | D:3      | Reached XP level 6. HP: 36/61 MP: 5/5
  1900 | D:3      | Noticed Ijyb
  1926 | D:3      | Killed Ijyb
  2034 | D:3      | Noticed Terence
  2054 | D:3      | Killed Terence
  2320 | D:3      | Noticed Sigmund
  2351 | D:3      | Reached skill level 5 in Maces & Flails
  2374 | D:3      | HP: 2/61 [something (2)]
  2376 | D:3      | Killed from afar by Sigmund

Skill      XL: |  1  2  3  4  5  6 |
---------------+-------------------+-----
Maces & Flails | 2 3 4 5 |  5.0
Dodging        | 3 |  3.5
Fighting       | 3 |  3.1
Shields        | 3 |  3.0
Stealth        | |  0.1

Action                   |  1- 3 |  4- 6 || total
-------------------------+-------+-------++-------
Melee: Flail             |   122 |   166 ||   288
       Unarmed           |       |     7 ||     7
  Use: Potion            |     2 |       ||     2
 Stab: Confused          |       |     2 ||     2
  Eat: Chunk             |    11 |    11 ||    22
Armor: Robe              |    61 |    79 ||   140
Dodge: Dodged            |    59 |    72 ||   131
Block: Shield            |    94 |    56 ||   150
